 Dungeon Crawl Stone Soup version 0.18-a0-659-gb9673d2 (webtiles) character file.

22 FishmanTm the Charlatan (level 3, 0/27 HPs)
             Began as a Human Artificer on Dec 5, 2015.
             Succumbed to an adder's poison
             ... on level 1 of the Dungeon.
             The game lasted 00:02:17 (385 turns).

FishmanTm the Charlatan (Human Artificer)            Turns: 385, Time: 00:02:18

Health: 0/27       AC:  3    Str: 11    XL:     3   Next: 7%
Magic:  5/5        EV: 12    Int: 12    God:
Gold:   24         SH:  0    Dex: 14    Spells: 0 memorised, 2 levels left

rFire  . . .     SeeInvis .     i - +0 whip
rCold  . . .     Clarity  .     b - +0 leather armour
rNeg   . . .     SustAt   .     (no shield)
rPois  .         Gourm    .     (no helmet)
rElec  .         Spirit   .     (no cloak)
rCorr  .         Dismiss  .     (no gloves)
rMut   .         Stasis   .     (no boots)
MR     .....                    (no amulet)
Stlth  +.........               (no ring)
                                (no ring)

@: lethally poisoned (0 -> -15), not resistant to hostile enchantments, very
unstealthy
A: no striking features
a: no special abilities


You were on level 1 of the Dungeon.
You were not hungry.

You visited 1 branch of the dungeon, and saw 1 of its levels.

You collected 24 gold pieces.

Inventory:

Hand Weapons
 i - a +0 whip (weapon)
Armour
 b - a +0 leather armour (worn)
Wands
 c - a wand of flame (11)
 d - a wand of enslavement (15)
 e - a wand of random effects (13)
Scrolls
 a - a scroll of fog {unknown}
Comestibles
 f - a bread ration
 g - 2 chunks of flesh
 h - 2 meat rations


   Skills:
 - Level 1.9 Fighting
   Level 1.0 Short Blades
 + Level 1.7 Maces & Flails
 - Level 2.0 Dodging
 - Level 1.0 Stealth
 - Level 3.0 Evocations


You had 2 spell levels left.
You didn't know any spells.

Dungeon Overview and Level Annotations

Branches:
Dungeon (1/15)

Altars:


Message History

You are more poisoned.
The adder poisons you! The adder misses you.
Unknown command.
Unknown command.
Unknown command.
Unknown command.
Unknown command.
You hit the adder.
You kill the adder!
You have reached level 3!
Your experience leads to an increase in your attributes!
Increase (S)trength, (I)ntelligence, or (D)exterity?
You feel agile.
* * * LOW HITPOINT WARNING * * *
You feel sick.
Unknown command.
You aren't carrying any potions.
You aren't carrying any potions.
Unknown command.
You die...

#..†...# #.#
#...# #.#
##.## #.# #.#
#.# #.# #.#
#.# #.# #.#
#.#####
#.#####.....#
#.>.@.....#.#
#########.#.#
#.#.# ..#
#.#.# ..#
#.#.# .#
#.#.# .#
##.#.# .#
#....# .#
#..###


There were no monsters in sight!

Vanquished Creatures
  An adder (D:1)
  A giant gecko (D:1)
  2 hobgoblins (D:1)
  2 bats (D:1)
  2 goblins (D:1)
  4 kobolds (D:1)
12 creatures vanquished.

Vanquished Creatures (others)
  A minotaur (D:1)
  A draconian (D:1)
  An octopode (D:1)
  A troll (D:1)
  2 spriggans (D:1)
  A formicid (D:1)
  2 humans (D:1)
  A naga (D:1)
  An ogre (D:1)
  A dwarf (D:1)
  3 kobolds (D:1)
  3 tentacles (D:1)
  53 tentacle segments (D:1)
71 creatures vanquished.

Grand Total: 83 creatures vanquished

Notes
Turn   | Place    | Note
--------------------------------------------------------------
     0 | D:1      | FishmanTm the Human Artificer began the quest for the Orb.
     0 | D:1      | Reached XP level 1. HP: 15/15 MP: 3/3
     2 | D:1      | Noticed an octopode
     2 | D:1      | Noticed a dwarf
     2 | D:1      | Noticed a draconian
     2 | D:1      | Noticed a human
     2 | D:1      | Noticed a minotaur
     2 | D:1      | Noticed a human
     2 | D:1      | Noticed a kraken
     2 | D:1      | Noticed an ogre
     2 | D:1      | Noticed a spriggan
     2 | D:1      | Noticed a naga
     2 | D:1      | Noticed a formicid
     2 | D:1      | Noticed a troll
     2 | D:1      | Noticed a spriggan
     6 | D:1      | Killed a naga
     8 | D:1      | Killed a draconian
     8 | D:1      | Killed a troll
     8 | D:1      | Killed a human
     9 | D:1      | Killed a spriggan
    10 | D:1      | Killed an octopode
    11 | D:1      | Killed a human
    11 | D:1      | Killed a formicid
    13 | D:1      | Killed a dwarf
    13 | D:1      | Killed an ogre
    13 | D:1      | Killed a minotaur
    14 | D:1      | Killed a spriggan
    96 | D:1      | Reached XP level 2. HP: 16/22 MP: 4/4
   367 | D:1      | Reached skill level 1 in Maces & Flails
   384 | D:1      | Reached XP level 3. HP: 2/27 MP: 5/5
   384 | D:1      | HP: 1/27 [poisoned by an adder]
   385 | D:1      | Succumbed to an adder's poison

Vault maps used:
D:1:      nicolae_arrival_kraken_aquarium_b, serial_forest,
          infiniplex_forest_lined_corner, infiniplex_forest_straight_3,
          infiniplex_forest_end_2, infiniplex_forest_lined_3

Action                   || total
-------------------------++-------
Melee: Short sword       ||    14
       Whip              ||    23
Evoke: Wand              ||     6
